 Dungeon Crawl Stone Soup version 0.19.0-11-g3fc08b3 (webtiles) character file.

290845 HungrySpirit the Fencer (level 20, -7/113 HPs)
             Began as a Vine Stalker Summoner on Nov 8, 2016.
             Was the Champion of Okawaru.
             Killed from afar by an ice dragon (15 damage)
             ... with a blast of cold
             ... on level 4 of the Vaults.
             The game lasted 02:05:26 (41507 turns).

HungrySpirit the Fencer (Vine Stalker Summoner)    Turns: 41507, Time: 02:05:28

Health: -7/113     AC: 26    Str: 27    XL:     20   Next: 76%
Magic:  0/26       EV: 17    Int: 15    God:    Okawaru [******]
Gold:   1689       SH: 13    Dex: 15    Spells: 0 memorised, 23 levels left

rFire  + . .     SeeInvis +     k - +9 sword of Zonguldrok {reap}
rCold  . . .     Gourm    .     Z - +5 fire dragon scales
rNeg   . . .     Faith    .     D - +0 shield {reflect}
rPois  +         Spirit   +     I - +1 hat {SInv}
rElec  .         Reflect  +     G - +0 cloak of the Little Devil {Str+9}
rCorr  .         Harm     .     r - +0 pair of gloves {archery}
MR     +++..                    Q - +2 pair of boots {Stlth+}
Stlth  ++++......               F - amulet of rage
                                m - ring of poison resistance
                                B - ring of ice

@: about to teleport, marked
A: fangs 3, horns 1, talons 1, molten scales 1, clumsy 2, high mp 1, magic
resistance 1, regeneration 2, strong 1, magic shield, antimagic bite, no device
heal 3, rot immunity
a: Heroism, Finesse, Renounce Religion, Evoke Berserk Rage
}: 2/15 runes: decaying, gossamer


You were on level 4 of the Vaults.
You worshipped Okawaru.
Okawaru was exalted by your worship.
You were not hungry.

You visited 7 branches of the dungeon, and saw 36 of its levels.
You also visited: Ice Cave.

You collected 3851 gold pieces.
You spent 2162 gold pieces at shops.

Inventory:

Hand Weapons
 k - the +9 sword of Zonguldrok (weapon) {reap}
   (You acquired it on level 1 of the Swamp)

   If a monster killed with it leaves a corpse in good enough shape, the corpse
   will be animated as a zombie friendly to the killer.
 l - a +2 scimitar of flaming
 T - the +12 falchion of Cowardice {freeze, rF+}
   (You found it on level 2 of the Swamp)

   It has been specially enchanted to freeze those struck by it, causing extra
   injury to most foes and up to half again as much damage against particularly
   susceptible opponents.
   It can also slow down cold-blooded creatures.
   It protects you from fire.
Armour
 f - a +2 crystal plate armour
 r - a +0 pair of gloves of archery (worn)
 D - a +0 shield of reflection (worn)
 G - the +0 cloak of the Little Devil (worn) {Str+9}
   (Okawaru gifted it to you on level 1 of the Swamp)

   It affects your strength (+9).
 I - a +1 hat of see invisible (worn)
 J - the +1 scale mail of This Worked Last Time {rElec rN+ Str+7}
   (Okawaru gifted it to you on level 6 of the Lair of Beasts)

   It affects your strength (+7).
   It insulates you from electricity.
   It protects you from negative energy.
 Q - a +2 pair of boots of stealth (worn)
 V - +0 ice dragon scales
 Z - +5 fire dragon scales (worn)
Jewellery
 d - an uncursed ring of flight
 m - a ring of poison resistance (right hand)
 z - an uncursed ring of protection from fire
 B - a ring of ice (left hand)
 F - an amulet of rage (around neck)
 P - a +5 ring of protection
 S - the ring "Mufopt" {rN+ MR++}
   (You found it on level 2 of the Swamp)

   [ring of positive energy]

   It protects you from negative energy.
   It affects your resistance to hostile enchantments.
Wands
 e - a wand of teleportation (3/9)
 v - a wand of disintegration (1/24)
 y - a wand of hasting (3/9)
 M - a wand of digging (14/24)
Scrolls
 g - a scroll of silence
 h - 5 scrolls of magic mapping
 o - 7 scrolls of enchant weapon
 q - 17 scrolls of remove curse
 w - 7 scrolls of amnesia
 A - 2 scrolls of blinking
 C - a scroll of brand weapon {unknown}
 K - a scroll of fog
 N - 2 scrolls of vulnerability
 O - 3 scrolls of fear
 U - 4 scrolls of recharging
 X - 2 scrolls of identify
Potions
 b - 4 potions of flight
 n - 3 potions of might
 p - 13 potions of lignification
 s - 5 potions of resistance
 t - 11 potions of curing
 u - a potion of agility
 x - 2 potions of cure mutation
 E - a potion of magic
 H - a potion of cancellation
 L - a potion of berserk rage
 W - a potion of haste
Comestibles
 a - 6 chunks of flesh
 c - 21 bread rations
 i - 4 beef jerkies
 j - 11 meat rations


   Skills:
 + Level 15.2 Fighting
   Level 12.2(16.4) Short Blades
 * Level 17.9(19.1) Long Blades
 + Level 10.2 Armour
 - Level 12.5 Dodging
 - Level 9.4 Stealth
 * Level 9.7 Shields
 - Level 2.1 Spellcasting
   Level 4.0 Summonings


You had 23 spell levels left.
You didn't know any spells.

Dungeon Overview and Level Annotations

Branches:
Dungeon (15/15)            Temple (0/1) D:5            Lair (6/6) D:11
  Swamp (4/4) Lair:4       Spider (4/4) Lair:2        Slime (0/5) Lair:5
    Orc (2/2) D:9             Elf (1/3) Orc:2        Vaults (4/5) D:13
  Crypt (0/3) Vaults:2     Depths (0/5) D:15

Altars:
Ashenzari
Cheibriados
Dithmenos
Fedhas
Gozag
Kikubaaqudgha
Okawaru
Qazlal
Ru
Sif Muna
Uskayaw
Vehumet
Xom
The Shining One

Shops:
D:2 *   D:8 (   D:9 [   D:15 *   Orc:2 [}*:   Vaults:1 %   Vaults:3 (

Annotations:
D:13 exclusion: oklob sapling
Lair:6 exclusion: door
Orc:1 exclusion: door


Innate Abilities, Weirdness & Mutations

You have razor-sharp teeth.
You heal very quickly.
When hurt, damage is shared between your health and your magic reserves.
Your bite disrupts and absorbs the magic of your enemies.
Potions and wands cannot restore your health.
You are immune to rotting.
You have a pair of small horns on your head.
You have sharp toenails.
You are partially covered in molten scales. (AC +2)
You are very clumsy. (Dex -4)
You have an increased reservoir of magic. (+10% MP)
You are resistant to hostile enchantments. (MR+)
Your muscles are strong. (Str +2)


Message History

You swap places.
Something hits your vault sentinel zombie but does no damage.
The yaktaur captain shoots a bolt.
The bolt hits your vault sentinel zombie!!
The ice dragon barely misses your vault sentinel zombie.
The ice dragon claws your vault sentinel zombie!
The ice dragon tramples your vault sentinel zombie but does no damage.
Your vault sentinel zombie hits the ice dragon but does no damage.
Something hits your vault sentinel zombie!
The yaktaur captain unwields an uncursed arbalest.
The yaktaur captain hits your vault sentinel zombie!
Your vault sentinel zombie is destroyed!
Unknown command.
As you read the scroll of teleportation, it crumbles to dust.
You feel strangely unstable. The ice dragon breathes frost at you.
The blast of cold hits your deep troll earth mage zombie.
Your deep troll earth mage zombie resists.
The blast of cold hits you!
You die...

#.###..###. ####....### #
#..>...# #. .# #...)..#
#.. ..####.!..###
#'#########O##.###.[###.
.....#......#..###(##..
...O#.....(#...).()...
#O.#@.##..'...).)#...
#..##pO#Z(##..#.###..##..
#....o.D(.....#.###Z.###.
#.....c#))....####Z(..###
##'############ #......#
########


You could see an ice dragon, a yaktaur captain, an ogre and a friendly deep
troll earth mage zombie.

Vanquished Creatures
  Frederick (Vaults:2)
  Jorgrun (Swamp:3)
  Rupert (Lair:4)
  Gastronok (Lair:3)
  Donald (Spider:4)
  Kirke (Swamp:2)
  5 thorn hunters
  A tengu reaver (Vaults:4)
  A fire giant (Vaults:3)
  An orc warlord (Orc:1)
  A frost giant (Vaults:4)
  Aizul (Swamp:4)
  11 vault wardens
  10 ironheart preservers
  3 very ugly things (Vaults:2)
  A vampire knight (Vaults:2)
  2 entropy weavers
  2 stone giants
  Nessos (Orc:2)
  6 spark wasps
  2 blizzard demons (IceCv)
  A deep elf death mage (Vaults:2)
  An ettin (Orc:2)
  3 fire dragons
  Erolcha (Orc:2)
  7 yaktaur captains
  A great orb of eyes (Vaults:3)
  Fannar (Orc:1)
  2 rakshasas (Vaults:3)
  6 ice dragons
  Harold (Orc:1)
  9 hydras
  17 vault guards
  5 centaur warriors
  8 alligators
  13 ogre magi
  A death knight (Vaults:2)
  4 deep troll shamans (Vaults:2)
  A tengu warrior (D:10)
  2 vampire magi
  5 death yaks (Lair:5)
  An orc high priest (Orc:2)
  3 deep troll earth magi
  Nergalle (Orc:1)
  Sonja (Lair:2)
  2 skeletal warriors
  5 deep elf knights
  4 wizards
  3 unseen horrors
  A flayed ghost (Vaults:2)
  A shambling mangrove (Swamp:4)
  2 swamp dragons
  3 spriggan druids
  A glowing orange brain (shapeshifter) (Vaults:1)
  A glowing orange brain (Vaults:2)
  6 hill giants
  A deep elf archer (Vaults:1)
  14 deep trolls
  A sphinx zombie (D:15)
  Pikel (D:5)
  10 ironbrand convokers
  7 orc knights
  2 necromancers
  6 deep elf magi
  8 ugly things
  10 orb spiders
  8 cyclopes
  6 orc sorcerers
  A wolf spider zombie (D:14)
  2 frost giant zombies (Vaults:2)
  3 centaur zombies
  2 moths of wrath
  36 wolf spiders
  2 manticores
  A cyclops (shapeshifter) (Vaults:3)
  12 elephants
  2 black mambas
  17 vault sentinels
  5 torpor snails
  A human skeleton (Vaults:2)
  An eye of devastation (shapeshifter) (D:13)
  2 ice statues (IceCv)
  13 spiny frogs
  A gargoyle (D:15)
  5 rime drakes
  2 kobold demonologists (D:13)
  23 yaktaurs
  2 efreet
  7 komodo dragons
  An anaconda simulacrum (IceCv)
  8 demonic crawlers
  8 freezing wraiths
  A guardian mummy (D:15)
  12 ice devils (IceCv)
  2 golden dragon simulacra (IceCv)
  18 jumping spiders
  8 tyrant leeches
  26 hornets
  Prince Ribbit (D:6)
  7 trolls
  Grinder (D:3)
  26 two-headed ogres
  34 slime creatures
  A spriggan zombie (D:15)
  9 hippogriffs
  23 blink frogs
  4 bog bodies
  A deep troll zombie (D:15)
  A human simulacrum (Vaults:2)
  An ice dragon zombie (D:15)
  A frost giant simulacrum (Vaults:2)
  6 dream sheep (Lair:5)
  A fire giant simulacrum (Vaults:2)
  53 redbacks
  26 tarantellas
  11 spriggans
  3 shadows
  54 yaks
  4 wyverns
  Sigmund (D:3)
  A human (shapeshifter) (Vaults:4)
  A yak (shapeshifter) (Vaults:3)
  A vampire (D:13)
  3 wraiths
  2 dire elephant simulacra (IceCv)
  2 basilisks
  4 hogs (Swamp:2)
  A fire bat (D:6)
  A steam dragon (D:12)
  5 swamp worm simulacra (Swamp:4)
  A hungry ghost (D:8)
  A warg (Orc:1)
  21 vampire mosquitoes
  An iron troll simulacrum (IceCv)
  2 harpy simulacra (IceCv)
  A soldier ant (D:12)
  4 mottled dragons
  20 swamp worms
  2 insubstantial wisps (Swamp:2)
  16 water moccasins
  12 hydra simulacra (Swamp:4)
  12 porcupines
  2 sky beasts
  5 swamp drakes (Swamp:2)
  30 orc warriors
  An eye of draining (shapeshifter) (Vaults:3)
  6 ice beasts
  A sky beast (shapeshifter) (Vaults:2)
  An eye of draining (D:9)
  A phantom (D:9)
  3 black bears
  2 ettin simulacra (IceCv)
  54 ogres
  15 centaurs
  21 wolves
  19 crocodiles
  A big kobold (D:11)
  Blork the orc (D:6)
  A wyvern zombie (D:9)
  14 bullfrogs
  A bullfrog (shapeshifter) (Vaults:2)
  An elf skeleton (D:9)
  A wyvern skeleton (D:10)
  5 scorpions
  2 troll zombies (D:9)
  4 howler monkeys
  6 crimson imps
  2 bullfrog zombies
  A jelly (shapeshifter) (Vaults:1)
  3 human zombies (D:9)
  13 jellies
  35 orc priests
  5 centaur skeletons
  9 hounds
  42 orc wizards
  5 bullfrog skeletons
  Jessica (D:2)
  Terence (D:3)
  2 iguanas
  2 hell rats (Lair:1)
  10 worker ants
  A hound skeleton (D:9)
  3 mummies (D:9)
  3 gnolls (Orc:2)
  A worker ant zombie (D:6)
  14 adders
  13 river rats
  A shadow imp (D:7)
  A white imp (Vaults:2)
  16 oozes
  3 swamp drake simulacra (Swamp:4)
  An adder skeleton (D:5)
  An adder zombie (D:9)
  A worm (D:2)
  2 dart slugs (D:1)
  4 leopard geckos
  77 orcs
  7 giant cockroaches
  6 goblins
  5 hobgoblins
  7 jackals
  14 kobolds
  5 quokkas
  9 ball pythons
  A ball python skeleton (D:4)
  10 bats
  3 frilled lizards
  2 jackal zombies
  An orc zombie (D:9)
  A quokka skeleton (D:5)
  11 rats
  4 briar patches
  A fungus (Lair:6)
  A plant (D:11)
1418 creatures vanquished.

Vanquished Creatures (collateral kills)
  3 ironheart preservers
  2 ogre magi
  A vault guard (Vaults:4)
  An ironbrand convoker (Vaults:4)
  2 deep elf magi
  A yaktaur (Vaults:4)
  4 two-headed ogres
  A slime creature (Vaults:3)
  4 insubstantial wisps (Swamp:2)
  A swamp worm (Swamp:2)
  7 ogres
  An ufetubus (Vaults:2)
  An orc (Vaults:1)
29 creatures vanquished.

Vanquished Creatures (others)
  2 humans (Swamp:2)
  A slave (D:5)
  A crimson imp (D:5)
  An orc priest (D:5)
  An orc wizard (D:5)
  A leopard gecko (D:6)
  8 orcs
  A ball python (D:5)
  A giant cockroach (D:5)
  A bush (D:13)
  28 fungi
  12 plants
58 creatures vanquished.

Grand Total: 1505 creatures vanquished

Notes
Turn   | Place    | Note
-------+----------+-------------------------------------------
     0 | D:1      | HungrySpirit the Vine Stalker Summoner began the quest for the Orb.
     0 | D:1      | Reached XP level 1. HP: 9/9 MP: 4/4
   194 | D:1      | Reached XP level 2. HP: 7/14 MP: 6/6
   434 | D:1      | Reached skill level 1 in Fighting
   445 | D:1      | Gained mutation: You have a pair of small horns on your head. [potion of beneficial mutation]
   708 | D:1      | Reached XP level 3. HP: 17/18 MP: 7/7
  1058 | D:2      | Noticed Jessica
  1068 | D:2      | Killed Jessica
  1068 | D:2      | Reached skill level 1 in Short Blades
  1068 | D:2      | Gained mutation: Your natural rate of healing is unusually fast. [Vine Stalker growth]
  1068 | D:2      | Reached XP level 4. HP: 22/23 MP: 6/8
  1197 | D:2      | Found an opulent altar of Gozag.
  1198 | D:2      | Found Gozag's Platinum Reserve.
  1833 | D:3      | Found a blossoming altar of Fedhas.
  1885 | D:3      | Noticed Terence
  1889 | D:3      | Killed Terence
  2008 | D:3      | Found a shimmering altar of Xom.
  2026 | D:3      | Noticed Sigmund
  2061 | D:3      | HP: 1/23 [something (7)]
  2065 | D:3      | Killed Sigmund
  2065 | D:3      | Reached XP level 5. HP: 3/27 MP: 9/9
  2065 | D:3      | Reached XP level 6. HP: 4/32 MP: 10/10
  2234 | D:3      | Noticed a dagger
  2235 | D:3      | Noticed a dagger
  2235 | D:3      | Found a hide-covered altar of Uskayaw.
  2246 | D:3      | Noticed Grinder
  2254 | D:3      | Paralysed by Grinder for 4 turns
  2291 | D:3      | Killed Grinder
  2291 | D:3      | Reached skill level 5 in Stealth
  2291 | D:3      | Reached XP level 7. HP: 28/36 MP: 8/11
  2494 | D:4      | Found a shadowy altar of Dithmenos.
  2529 | D:4      | HP: 1/36 [poisoned by a scorpion]
  2535 | D:4      | HP: 1/36 [poisoned by a scorpion]
  2900 | D:4      | Reached skill level 5 in Short Blades
  2995 | D:4      | Found an iron altar of Okawaru.
  2996 | D:4      | Found a shattered altar of Ashenzari.
  3024 | D:4      | Became a worshipper of Warmaster Okawaru
  3354 | D:5      | Entered Level 5 of the Dungeon
  3403 | D:5      | Found a staircase to the Ecumenical Temple.
  3407 | D:5      | Noticed Pikel
  3498 | D:5      | Killed Pikel
  3498 | D:5      | Reached * piety under Okawaru
  3498 | D:5      | Gained mutation: You have razor-sharp teeth. [Vine Stalker growth]
  3498 | D:5      | Reached XP level 8. HP: 16/42 MP: 1/12
  4468 | D:6      | Noticed Edmund
  4471 | D:6      | Noticed Edmund
  4471 | D:6      | Edmund changed into Edmund the tengu
  4473 | D:6      | Noticed Edmund
  4473 | D:6      | Edmund the tengu changed into Edmund the fire bat
  4483 | D:6      | Killed Edmund the fire bat
  4483 | D:6      | Reached skill level 5 in Fighting
  4483 | D:6      | Reached XP level 9. HP: 20/47 MP: 4/13
  4493 | D:6      | Reached ** piety under Okawaru
  4569 | D:6      | Noticed Blork the orc
  4575 | D:6      | Killed Blork the orc
  4902 | D:6      | Noticed Prince Ribbit
  5094 | D:6      | Found a stormy altar of Qazlal.
  5100 | D:6      | Noticed a hill giant
  5300 | D:6      | Killed Prince Ribbit
  6118 | D:7      | Found a blossoming altar of Fedhas.
  6283 | D:8      | Reached *** piety under Okawaru
  6343 | D:8      | Reached XP level 10. HP: 49/53 MP: 14/14
  6361 | D:8      | Gained mutation: You have sharp toenails. [potion of beneficial mutation]
  6490 | D:8      | Found Riuneuf's Weapon Shoppe.
  6802 | D:8      | Found a sacrificial altar of Ru.
  6986 | D:9      | Found Vucrucij's Antique Armour Shoppe.
  7058 | D:9      | Bought a distressingly furry leather armour for 161 gold pieces
  7058 | D:9      | Bought a glowing cloak for 241 gold pieces
  7078 | D:9      | Identified the +2 leather armour of Lugonu's Benevolence {rN++ Dex+4} (You bought it in a shop on level 9 of the Dungeon)
  7127 | D:9      | Found a staircase to the Orcish Mines.
  7138 | D:9      | Reached skill level 1 in Armour
  7437 | D:9      | Found a radiant altar of Vehumet.
  7507 | D:9      | Reached **** piety under Okawaru
  7924 | D:9      | Reached skill level 10 in Short Blades
  8169 | D:9      | Found an ancient bone altar of Kikubaaqudgha.
  8291 | D:9      | Reached XP level 11. HP: 58/58 MP: 15/15
  8400 | D:10     | Entered Level 10 of the Dungeon
  8546 | D:10     | Noticed a tengu warrior
  8550 | D:10     | Killed a tengu warrior
  8645 | D:10     | Noticed a hill giant
  8661 | D:10     | Killed a hill giant
  8706 | D:10     | Reached ***** piety under Okawaru
  9543 | D:11     | Found a staircase to the Lair.
  9574 | D:11     | Noticed a manticore
  9701 | D:11     | Killed a manticore
  9876 | D:11     | Found a glowing golden altar of the Shining One.
 10082 | D:11     | Noticed a green ugly thing
 11139 | D:11     | Gained mutation: You heal very quickly. [Vine Stalker growth]
 11139 | D:11     | Reached XP level 12. HP: 34/65 MP: 9/16
 11402 | D:11     | Received a gift from Okawaru
 11520 | Lair:1   | Entered Level 1 of the Lair of Beasts
 11531 | Lair:1   | Reached XP level 13. HP: 70/70 MP: 17/17
 11599 | Lair:1   | Reached skill level 1 in Long Blades
 11665 | Lair:1   | Reached skill level 2 in Long Blades
 12260 | Lair:1   | Reached skill level 3 in Long Blades
 12608 | Lair:1   | Reached skill level 4 in Long Blades
 12973 | Lair:2   | Noticed Sonja
 12981 | Lair:2   | Killed Sonja
 13130 | Lair:2   | Found a hole to the Spider Nest.
 13195 | Lair:2   | Reached skill level 5 in Long Blades
 13682 | Lair:3   | Received a gift from Okawaru
 13795 | Lair:3   | Reached ****** piety under Okawaru
 14169 | Lair:3   | Noticed Gastronok
 14207 | Lair:3   | Killed Gastronok
 14207 | Lair:3   | Reached skill level 6 in Long Blades
 14356 | Lair:3   | Reached skill level 10 in Fighting
 14872 | Lair:4   | Found a staircase to the Swamp.
 15261 | Lair:4   | Noticed Rupert
 15263 | Lair:4   | Paralysed by Rupert for 4 turns
 15281 | Lair:4   | Killed Rupert
 15281 | Lair:4   | Reached skill level 7 in Long Blades
 15281 | Lair:4   | Reached XP level 14. HP: 77/77 MP: 18/18
 15806 | Lair:5   | Found a staircase to the Slime Pits.
 16065 | Lair:5   | Received a gift from Okawaru
 16175 | Lair:5   | Reached skill level 8 in Long Blades
 16435 | Lair:5   | Received a gift from Okawaru
 17494 | Lair:6   | Entered Level 6 of the Lair of Beasts
 17691 | Lair:6   | Reached skill level 9 in Long Blades
 19329 | Lair:6   | Reached skill level 10 in Long Blades
 19509 | Lair:6   | Received a gift from Okawaru
 19519 | Lair:6   | Got a spiked scale mail {god gift}
 19530 | Lair:6   | Identified the +1 scale mail of This Worked Last Time {rElec rN+ Str+7} (Okawaru gifted it to you on level 6 of the Lair of Beasts)
 19622 | Lair:6   | Reached skill level 10 in Dodging
 19638 | Lair:6   | Reached XP level 15. HP: 83/83 MP: 19/19
 19841 | Orc:1    | Entered Level 1 of the Orcish Mines
 19846 | Orc:1    | Noticed Harold
 19919 | Orc:1    | Killed Harold
 20020 | Orc:2    | Entered Level 2 of the Orcish Mines
 20095 | Orc:2    | Noticed Erolcha
 20109 | Orc:2    | Killed Erolcha
 20139 | Orc:2    | Noticed Nessos
 20149 | Orc:2    | Killed Nessos
 20956 | Orc:2    | Found a staircase to the Elven Halls.
 21091 | Orc:1    | Found a deep blue altar of Sif Muna.
 21094 | Orc:1    | Noticed Fannar
 21127 | Elf:1    | Entered Level 1 of the Elven Halls
 21646 | Orc:2    | Found Edonil's Gadget Shoppe.
 21646 | Orc:2    | Found Fuocepp's Book Emporium.
 21647 | Orc:2    | Found Oseddyrr's Assorted Antiques.
 21650 | Orc:2    | Found Noyblalu's Antique Armour Shoppe.
 21686 | Orc:2    | Bought 3 scrolls of enchant weapon for 585 gold pieces
 21686 | Orc:2    | Bought a runed falchion for 234 gold pieces
 21686 | Orc:2    | Bought a long lead wand for 104 gold pieces
 21686 | Orc:2    | Bought a scroll labeled SIP HEYSUUC for 26 gold pieces
 21686 | Orc:2    | Bought a scroll of fear for 91 gold pieces
 21686 | Orc:2    | Bought a scroll of enchant weapon for 195 gold pieces
 21686 | Orc:2    | Bought a scroll of magic mapping for 91 gold pieces
 21782 | Orc:2    | Reached skill level 11 in Long Blades
 22001 | Orc:2    | HP: 3/83 [stone giant (22)]
 22207 | Orc:1    | Killed Fannar
 22270 | Orc:1    | Noticed an orc warlord
 22312 | Orc:1    | Killed an orc warlord
 22411 | Orc:1    | Noticed Nergalle
 22443 | Orc:1    | Killed Nergalle
 24634 | D:13     | Found a gate to the Vaults.
 24747 | D:13     | Received a gift from Okawaru
 24835 | D:13     | Reached skill level 12 in Long Blades
 25512 | D:14     | Reached XP level 16. HP: 81/88 MP: 17/20
 25878 | D:15     | Entered Level 15 of the Dungeon
 25878 | D:15     | Found a staircase to the Depths.
 26162 | Swamp:1  | Entered Level 1 of the Swamp
 26165 | Swamp:1  | Received a gift from Okawaru
 26168 | Swamp:1  | Got a bloodstained cloak {god gift}
 26169 | Swamp:1  | Identified the +0 cloak of the Little Devil {Str+9} (Okawaru gifted it to you on level 1 of the Swamp)
 26741 | Swamp:1  | Reached skill level 13 in Long Blades
 26872 | Swamp:1  | You fall through a shaft!
 26997 | Swamp:2  | Noticed a thorn hunter
 27005 | Swamp:2  | Killed a thorn hunter
 27168 | Swamp:2  | Got a coiled bone ring
 27169 | Swamp:2  | Identified the ring "Mufopt" {rN+ MR++} (You found it on level 2 of the Swamp)
 27173 | Swamp:2  | Noticed a thorn hunter
 27200 | Swamp:2  | Killed a thorn hunter
 27316 | Swamp:2  | Got a shimmering falchion
 27317 | Swamp:2  | Identified the +12 falchion of Cowardice {freeze, rF+} (You found it on level 2 of the Swamp)
 27538 | Swamp:2  | Noticed Kirke
 27549 | Swamp:2  | Killed Kirke
 27735 | Swamp:2  | Reached skill level 5 in Armour
 28215 | Swamp:3  | Received a gift from Okawaru
 28478 | Swamp:3  | Noticed a thorn hunter
 28495 | Swamp:3  | Killed a thorn hunter
 28715 | Swamp:4  | Entered Level 4 of the Swamp
 28757 | Swamp:4  | Reached skill level 14 in Long Blades
 28918 | Swamp:4  | Reached XP level 17. HP: 80/95 MP: 21/21
 28930 | Swamp:4  | Paralysed by a hornet for 1 turns
 29364 | Swamp:4  | Noticed Aizul
 29384 | Swamp:4  | Killed Aizul
 29485 | Swamp:4  | Gained mutation: You are clumsy. (Dex -2) [mutagenic meat]
 29486 | Swamp:4  | Gained mutation: Your muscles are strong. (Str +2) [mutagenic meat]
 29487 | Swamp:4  | Gained mutation: You are partially covered in molten scales. (AC +2) [mutagenic meat]
 29597 | Swamp:4  | Noticed Jorgrun
 29613 | Swamp:3  | Killed Jorgrun
 29613 | Swamp:3  | Received a gift from Okawaru
 29932 | Swamp:4  | Got a decaying rune of Zot
 30214 | Spider:1 | Entered Level 1 of the Spider Nest
 30907 | Spider:1 | Received a gift from Okawaru
 31230 | Spider:2 | Reached skill level 15 in Long Blades
 31778 | Spider:2 | Received a gift from Okawaru
 31936 | Spider:2 | Gained mutation: You have an increased reservoir of magic. (+10% MP) [potion of mutation]
 31936 | Spider:2 | Gained mutation: You are very clumsy. (Dex -4) [potion of mutation]
 31936 | Spider:2 | Gained mutation: You are resistant to hostile enchantments. (MR+) [potion of mutation]
 32051 | Spider:3 | Found a frozen archway.
 32068 | IceCv    | Entered an ice cave
 32401 | IceCv    | Reached XP level 18. HP: 77/101 MP: 24/24
 33326 | Spider:4 | Entered Level 4 of the Spider Nest
 33880 | Spider:4 | Noticed Donald
 34206 | Spider:4 | Killed Donald
 34692 | Spider:4 | Reached skill level 1 in Shields
 34777 | Spider:4 | Got a gossamer rune of Zot
 35012 | D:15     | Reached skill level 16 in Long Blades
 35027 | D:15     | Received a gift from Okawaru
 35054 | D:15     | Found Ishroimm's Assorted Antiques.
 35098 | D:15     | Bought a blackened fluorescent wand for 112 gold pieces
 35098 | D:15     | Bought a square pearl amulet for 140 gold pieces
 35098 | D:15     | Bought a scroll of teleportation for 84 gold pieces
 35098 | D:15     | Bought a scroll of magic mapping for 98 gold pieces
 35760 | Vaults:1 | Entered Level 1 of the Vaults
 36373 | Vaults:1 | Received a gift from Okawaru
 36613 | Vaults:1 | Found Ani Hual's Food Shoppe.
 36817 | Vaults:1 | Reached XP level 19. HP: 79/106 MP: 25/25
 37425 | Vaults:2 | Noticed Frederick
 37553 | Vaults:1 | Reached skill level 5 in Shields
 37606 | Vaults:2 | Killed Frederick
 37637 | Vaults:2 | Received a gift from Okawaru
 37741 | Vaults:2 | Found a staircase to the Crypt.
 37888 | Vaults:2 | Found a snail-covered altar of Cheibriados.
 38224 | Vaults:2 | Reached skill level 17 in Long Blades
 39151 | Vaults:3 | Received a gift from Okawaru
 39244 | Vaults:3 | Reached XP level 20. HP: 81/112 MP: 19/26
 39598 | Vaults:3 | Found Rydwal's Weapon Shop.
 40541 | Vaults:3 | Reached skill level 15 in Fighting
 40571 | Vaults:3 | Received a gift from Okawaru
 40978 | Vaults:4 | Reached skill level 10 in Armour
 41504 | Vaults:4 | HP: 5/113 [ice dragon/blast of cold (43)]
 41507 | Vaults:4 | Killed from afar by an ice dragon

Skill      XL: |  1  2  3  4  5  6  7  8  9 10 11 12 13 14 15 16 17 18 19 20 |
---------------+-------------------------------------------------------------+-----
Dodging        | 2 7 8 10 11 12 | 12.5
Fighting       | 1 2 3 4 5 6 7 8 9 10 11 12 13 14 15 | 15.2
Short Blades   | 1 3 4 6 7 8 10 12 | 12.2
Stealth        | 4 5 6 7 9 |  9.4
Armour         | 3 4 5 7 8 9 10 | 10.2
Long Blades    | 7 10 12 14 15 16 17 | 17.9
Shields        | 4 7 9 |  9.7
Spellcasting   | |  2.1
Summonings     | |  4.0

Action                   |  1- 3 |  4- 6 |  7- 9 | 10-12 | 13-15 | 16-18 | 19-21 || total
-------------------------+-------+-------+-------+-------+-------+-------+-------++-------
Melee: Whip              |    86 |       |       |       |       |       |       ||    86
       Bite              |    23 |    27 |   101 |   300 |  1193 |   698 |   330 ||  2672
       Headbutt          |     4 |    18 |    64 |   204 |   823 |   479 |   260 ||  1852
       Short sword       |     8 |   122 |   363 |   470 |       |       |       ||   963
       Punch             |       |       |     1 |     1 |    19 |     2 |       ||    23
       Kick              |       |       |       |   310 |   120 |       |       ||   430
       Dagger            |       |       |       |   291 |  2424 |       |       ||  2715
       Scimitar          |       |       |       |       |   175 |    97 |       ||   272
       Falchion          |       |       |       |       |       |  1232 |       ||  1232
       Double sword      |       |       |       |       |       |   141 |   718 ||   859
       Long sword        |       |       |       |       |       |     7 |       ||     7
Invok: Heroism           |       |       |     3 |    13 |    29 |    27 |     8 ||    80
       Finesse           |       |       |       |       |     6 |     3 |       ||     9
Evoke: Wand              |       |     1 |    23 |     9 |    22 |       |       ||    55
  Use: Scroll            |     5 |       |     8 |     5 |     8 |    30 |     4 ||    60
       Potion            |     1 |     6 |     1 |     4 |     6 |     2 |       ||    20
 Stab: Sleeping          |     2 |     4 |     5 |    26 |    36 |    24 |     8 ||   105
       Distracted        |       |       |     1 |     2 |     9 |     2 |    12 ||    26
       Invisible         |       |       |       |       |     3 |       |       ||     3
  Eat: Chunk             |       |     4 |     8 |    21 |    39 |    11 |     1 ||    84
       Pizza             |       |       |     2 |       |     4 |       |       ||     6
       Fruit             |       |       |     1 |       |       |    22 |     3 ||    26
       Beef jerky        |       |       |     1 |       |       |       |       ||     1
       Royal jelly       |       |       |       |       |     1 |     1 |       ||     2
       Meat ration       |       |       |       |       |       |     2 |     3 ||     5
Armor: Leather armour    |    19 |    18 |    37 |    88 |   150 |       |       ||   312
       Skin              |       |    12 |       |       |       |       |       ||    12
       Plate armour      |       |       |    66 |    46 |       |       |       ||   112
       Scale mail        |       |       |       |       |   203 |    48 |       ||   251
       Crystal plate arm |       |       |       |       |       |   235 |       ||   235
       Ice dragon scales |       |       |       |       |       |   325 |       ||   325
       Fire dragon scale |       |       |       |       |       |    25 |   158 ||   183
Dodge: Dodged            |    54 |    48 |   112 |   193 |  1083 |   740 |   275 ||  2505
Block: Shield            |       |       |       |       |       |   131 |   297 ||   428
       Reflection        |       |       |       |       |       |    11 |    21 ||    32
       Rpst.: Scimitar   |       |       |       |       |    19 |    10 |       ||    29
       Double sword      |       |       |       |       |       |    22 |    61 ||    83
       Falchion          |       |       |       |       |       |   140 |       ||   140
       Long sword        |       |       |       |       |       |     1 |       ||     1
